 Dungeon Crawl Stone Soup version 0.30-a0-930-gb9d0489357 (webtiles) character file.

Game seed: 882796956295628680

459 Iniera the Poker (level 6, -15/48 HPs)
             Began as a Mummy Fighter on Mar 24, 2023.
             Killed from afar by an acid dragon (30 damage)
             ... with a splash of acid
             ... on level 4 of the Dungeon.
             The game lasted 00:04:43 (2757 turns).

Iniera the Poker (Mummy Fighter)                    Turns: 2757, Time: 00:04:44

Health: -15/48     AC:  5    Str: 21    XL:     6   Next: 78%
Magic:  6/6        EV:  9    Int:  7    God:
Gold:   172        SH:  4    Dex: 12    Spells: 5/5 levels left

rFire   x . .      SeeInvis .    m - +1 short sword (drain)
rCold   + + .      Faith    +    c - +0 buckler
rNeg    + + +      Spirit   .    b - +0 scale mail
rPois   ∞          Reflect  .    q - +1 helmet of Impatience {-Cast Harm Regen+}
rElec   .          Rampage  .    (no cloak)
rCorr   .          NoCast   +    t - +0 pair of gloves
Will    .....      Harm     + .  (no boots) Stlth
                                 (no amulet)
HPRegen 1.08/turn                e - ring of protection from cold
MPRegen 0.10/turn                (no ring)

@: about to teleport, corroded
A: cold resistance 1, negative energy resistance 3, torment resistance 2, heat
vulnerability 1, in touch with death 1, no potions, faith
a: no special abilities


You were on level 4 of the Dungeon.
You visited 1 branch of the dungeon, and saw 4 of its levels.

You collected 172 gold pieces.

Inventory:

Hand Weapons
 a - a +0 trident
 g - a +0 halberd
 m - a +1 short sword of draining (weapon)
Missiles
 n - 4 javelins (quivered)
 u - a throwing net
Armour
 b - a +0 scale mail (worn)
 c - a +0 buckler (worn)
 q - the +1 helmet of Impatience (worn) {-Cast Harm Regen+}
   (You found it on level 3 of the Dungeon)

   -Cast:     It prevents spellcasting.
   Regen:     It increases your rate of health regeneration.
   Harm:      It increases damage dealt and taken.
 t - a +0 pair of gloves (worn)
Jewellery
 e - a ring of protection from cold (left hand)
 p - an amulet of magic regeneration
Wands
 j - a wand of flame (16)
 o - a wand of roots (12)
 r - a wand of polymorph (5)
Scrolls
 d - 3 scrolls of teleportation
 f - 4 scrolls of fog {unknown}
 h - a scroll of immolation {unknown}
 i - a scroll of magic mapping {unknown}
 k - 3 scrolls of noise {unknown}
 l - a scroll of fear {unknown}
 s - a scroll of torment {unknown}


   Skills:
 + Level 4.3 Fighting
 * Level 5.5 Polearms
 - Level 2.4 Armour
 - Level 2.4 Shields


You had 5 spell levels left.
You didn't know any spells.
Your spell library contained the following spells:

 Spells                   Type           Power      Damage    Failure   Level
 Apportation              Tloc           0%         N/A       86%         1
 Foxfire                  Conj/Fire      0%         2x1d4     86%         1
 Magic Dart               Conj           0%         1d3       86%         1
 Necrotise                Necr           0%         1d4       86%         1
 Summon Small Mammal      Summ           0%         N/A       86%         1
 Call Imp                 Summ           0%         N/A       95%         2
 Cigotuvi's Dreadful Rot  Necr/Pois/Air  0%         N/A       95%         2
 Ignite Poison            Fire/Tmut/Pois 0%         N/A       99%         3
 Mephitic Cloud           Conj/Pois/Air  0%         N/A       99%         3
 Dispel Undead            Necr           0%         3d6       100%        4
 Sticky Flame             Conj/Fire      0%         2d3       100%        4
 Fireball                 Conj/Fire      0%         3d3       100%        5
 Death Channel            Necr           0%         N/A       100%        6
 Starburst                Conj/Fire      0%         6d3       100%        6
 Ignition                 Fire           0%         3d3       100%        8


Dungeon Overview and Level Annotations

Branches:
Dungeon (4/15)
 Temple: D:4-7

Altars:
Okawaru

Shops:
D:4 [

Annotations:
D:4 4 runed translucent doors


Innate Abilities, Weirdness & Mutations

You are immune to poison.
Your flesh is cold resistant. (rC+)
You are immune to negative energy. (rN+++)
You are immune to unholy pain and torment.
You are vulnerable to heat. (rF-)
You are in touch with the powers of death.
You do not drink.
You have a special connection with the divine. (Faith)


Message History

There are monsters nearby!
You miss the hound. The hound bites you but does no damage.
The hound bites you.
You closely miss the hound. The hound barely misses you.
You miss the hound. The hound barely misses you.
The hound bites you but does no damage.
You hit the hound. You drain the hound.
The hound is heavily wounded.
The hound bites you but does no damage.
You hit the hound.
The hound is severely wounded.
The hound bites you but does no damage. The hound bites you.
You hit the hound.
The hound is almost dead.
The hound barely misses you.
You hit the hound.
You kill the hound!
You hit the kobold but do no damage. The kobold barely misses you.
You hit the kobold.
You kill the kobold!
Things that are here:
a +0 short sword; a dart slug corpse An acid dragon comes into view.
Found 26 gold pieces and an embroidered scarf.
The acid dragon roars!
The acid dragon spits acid at you. The splash of acid hits you!!
Ouch! That really hurt!
* * * LOW HITPOINT WARNING * * *
The acid corrodes you!
You can't drink.
Unknown command.
As you read the scroll labelled FYFIKL PESUS, it crumbles to dust.
You feel strangely unstable.
It was a scroll of teleportation.
Things that are here:
a +0 short sword; a dart slug corpse The acid dragon spits acid at you.
The splash of acid hits you!!
Ouch! That really hurt!
You die...

#.#8....8# #. #...#.
#.#(....)# . #.∩.#.
#.#|....(# ## # # #...#.
#.#8....8# #[. $##
#.#.>.#.
#)##8.58#####D##.#
####.#...#.
#.)##++##.')##.#.#
.....#####.
##........##.#...#
###...[†..
####.##..#.####D#
#......### #.....##.@).##
##.....####
####...######.............
#.#.........###.#......
#...#####.#. #.#)####.
#######.# # #. #.
######...###.#####.#
#.####.
#..................)
#......
#.####^#.###.#####.#
#.###.# #.# #.#.# #.# .#.
#.##


You could see an acid dragon (catching breath).

Vanquished Creatures
  A black bear (D:4)
  An ogre (D:4)
  2 howler monkeys (D:4)
  2 hounds (D:4)
  Jessica (D:2)
  Robin (D:3)
  3 gnolls (D:4)
  2 worms
  A dart slug (D:4)
  8 orcs
  4 endoplasms
  2 giant cockroaches
  12 goblins
  8 hobgoblins
  5 jackals (D:1)
  9 kobolds
  2 quokkas
  A ball python (D:1)
  2 bats (D:3)
  3 frilled lizards
  4 rats
74 creatures vanquished.

Vanquished Creatures (others)
  4 fungi (D:3)
  5 plants (D:3)
9 creatures vanquished.

Grand Total: 83 creatures vanquished

Notes
Turn   | Place    | Note
-------+----------+-------------------------------------------
     0 | D:1      | Iniera the Mummy Fighter began the quest for the Orb.
     0 | D:1      | Reached XP level 1. HP: 18/18 MP: 1/1
    83 | D:1      | Reached skill level 2 in Polearms
   168 | D:1      | Reached XP level 2. HP: 24/24 MP: 2/2
   712 | D:2      | Gained mutation: You are in touch with the powers of death.
                  | [Mummy growth]
   712 | D:2      | Reached XP level 3. HP: 10/29 MP: 3/3
   816 | D:2      | Noticed Jessica
   829 | D:2      | Killed Jessica
   830 | D:2      | Reached skill level 3 in Polearms
  1134 | D:2      | Noticed Robin
  1310 | D:3      | Reached XP level 4. HP: 30/35 MP: 4/4
  1345 | D:3      | Killed Robin
  1985 | D:3      | Identified the +1 helmet of Impatience {-Cast Harm Regen+}
  2117 | D:3      | Reached skill level 4 in Polearms
  2142 | D:3      | Found a faded altar of an unknown god.
  2400 | D:4      | Found Qidasm's Armour Emporium.
  2419 | D:4      | Reached XP level 5. HP: 41/41 MP: 5/5
  2435 | D:4      | Noticed a black bear
  2449 | D:4      | Killed a black bear
  2463 | D:4      | Found an iron altar of Okawaru.
  2492 | D:4      | Reached XP level 6. HP: 48/48 MP: 6/6
  2573 | D:4      | Reached skill level 5 in Polearms
  2683 | D:4      | Found a large runed translucent door.
  2685 | D:4      | Found a large runed translucent door.
  2702 | D:4      | Found a large runed translucent door.
  2702 | D:4      | Found a large runed translucent door.
  2753 | D:4      | Noticed an acid dragon
  2757 | D:4      | Killed from afar by an acid dragon

Illustrated notes

Levels and vault maps discovered:
D:1:      minmay_arrival_stair_chambers, layout_basic,
          minmay_misc_feat_four_crosses
D:2:      layout_basic, uniq_jessica, uniq_robin
D:3:      minmay_general_purpose_star, layout_loops_ring,
          shapermc_ecumenical_altar_mp_urbaneastern
D:4:      layout_loops_ring, old_standard_altar, temple_green, serial_shops,
          nicolae_take_the_stairs, nrook_campfire, minmay_hollow_rounded_squares

Skill      XL: |  1  2  3  4  5  6 |
---------------+-------------------+-----
Polearms       | 2 3 4 5 |  5.5
Fighting       | 4 |  4.3
Armour         | |  2.4
Shields        | |  2.4

Action                     |  1- 3 |  4- 6 || total
---------------------------+-------+-------++-------
  Melee: Trident           |    98 |    13 ||   111
         Short sword       |       |   134 ||   134
    Use: Scroll            |       |     1 ||     1
 Armour: Scale mail        |    31 |    71 ||   102
  Dodge: Dodged            |    41 |    43 ||    84
  Block: Buckler           |    17 |    31 ||    48

Table legend: (Time is in decaauts)
 A = Elapsed time spent in this place.
 B = Non-inter-level travel time spent in this place.
 C = Inter-level travel time spent in this place.
 D = Time resting spent in this place.
 E = Time spent auto-exploring this place.
 F = Levels seen in this place.
 G = Mean time per level.
                   A        B        C        D        E       F      G
               +--------+--------+--------+--------+--------+-----+--------+
         Total |   2797 |   2715 |     82 |    411 |   1625 |   4 |  699.2 |
       Dungeon |   2797 |   2715 |     82 |    411 |   1625 |   4 |  699.2 |
               +--------+--------+--------+--------+--------+-----+--------+

Top non-repeatable levels by time:
     D:3: 928 daAuts
     D:2: 799 daAuts
     D:1: 622 daAuts
     D:4: 447 daAuts
